 Dungeon Crawl Stone Soup version 0.25.0-10-g039870ee82 (webtiles) character file.

Game seed: 3652957400169303049

523 Delamore the Cleaver (level 7, -3/57 HPs)
             Began as a Hill Orc Monk on June 22, 2020.
             Slain by a worker ant (5 damage)
             ... on level 6 of the Dungeon.
             The game lasted 00:04:47 (5660 turns).

Delamore the Cleaver (Hill Orc Monk)                Turns: 5660, Time: 00:04:48

Health: -3/57      AC:  6    Str: 20 (22) XL:     7   Next: 22%
Magic:  7/7        EV: 11    Int:  8 (10) God:
Gold:   132        SH:  0    Dex: 12 (13) Spells: 6/6 levels left

rFire    . . .     SeeInvis .   a - +0 hand axe
rCold    . . .     Gourm    .   (no shield)
rNeg     . . .     Faith    .   h - +0 ring mail
rPois    .         Spirit   .   (no helmet)
rElec    .         Reflect  .   (no cloak)
rCorr    .         Harm     .   q - +0 pair of gloves
MR       .....                  (no boots)
Stlth    +.........             (no amulet)
HPRegen  0.19/turn              r - +6 ring of strength
MPRegen  0.10/turn              (no ring)

@: no status effects
A: no striking features
a: no special abilities


You were on level 6 of the Dungeon.
You were not hungry.

You visited 1 branch of the dungeon, and saw 6 of its levels.

You collected 132 gold pieces.

Inventory:

Hand Weapons
 a - a +0 hand axe (weapon)
Missiles
 k - 6 boomerangs (quivered)
 o - 3 throwing nets
Armour
 b - a +0 robe
 h - a +0 ring mail (worn)
 q - a +0 pair of gloves (worn)
Jewellery
 r - a +6 ring of strength (left hand)
Wands
 s - a wand of random effects (19)
Scrolls
 e - a scroll of teleportation {unknown}
 f - a scroll of magic mapping {unknown}
 g - a scroll of fog {unknown}
 i - 4 scrolls of identify {unknown}
 j - a scroll of remove curse {unknown}
 u - a scroll of enchant armour {unknown}
 v - a scroll of vulnerability {unknown}
Potions
 d - 2 potions of curing
 n - a potion of lignification {unknown}
 p - a potion of might {unknown}
 t - a potion of flight {unknown}
Comestibles
 c - 7 rations
 w - 3 chunks of flesh


   Skills:
 - Level 3.6 Fighting
 + Level 10.4 Axes
 - Level 2.4 Dodging
 - Level 1.5 Stealth


You had 6 spell levels left.
You didn't know any spells.
Your spell library was empty.

Dungeon Overview and Level Annotations

Branches:
Dungeon (7/15)
 Temple: D:4-7

Altars:


Message History

The worker ant closely misses you.
You see here a gnarled glowing staff.
A centaur comes into view.
The centaur wields a +0 shortbow.
The centaur shoots an arrow.
The arrow hits you but does no damage.
You see here an arrow.
The centaur shoots an arrow.
The arrow closely misses you.
You see here an arrow.
It was a potion of cancellation.
You feel magically purged.
The centaur shoots an arrow.
The arrow hits you but does no damage. The worker ant barely misses you.
The centaur shoots an arrow.
The arrow misses you. The gnoll barely misses you. The worker ant bites you.
* * * LOW HITPOINT WARNING * * *
It was a potion of degeneration.
There was something very wrong with that liquid.
You feel weakened.
You feel dopey.
You feel clumsy.
The centaur shoots an arrow.
The arrow hits you.
* * * LOW HITPOINT WARNING * * *
The worker ant bites you.
You die...

#........#
######.####.#
##..g##g# #.#
[...g.g.# #.# #
.##.g##g####.##.#
## #.g.g.....#
######|####
..#######g#
#......@a.#
#c#########


You could see a centaur, a worker ant and a gnoll.

Vanquished Creatures
  A hornet zombie (D:7)
  A phantom (D:4)
  An ogre (D:7)
  Natasha (thrice) (D:2)
  A worker ant (D:2)
  A hound skeleton (D:4)
  8 gnolls
  2 adders (D:2)
  2 worms
  3 dart slugs
  2 leopard geckos
  7 orcs (D:3)
  2 giant cockroaches
  4 goblins
  2 hobgoblins (D:1)
  A kobold (D:2)
  2 ball pythons (D:1)
  3 frilled lizards (D:1)
  4 rats
50 creatures vanquished.

Notes
Turn   | Place    | Note
-------+----------+-------------------------------------------
     0 | D:1      | Delamore the Hill Orc Monk began the quest for the Orb.
     0 | D:1      | Reached XP level 1. HP: 19/19 MP: 1/1
   183 | D:1      | Reached XP level 2. HP: 19/26 MP: 2/2
   551 | D:1      | Reached skill level 5 in Axes
  1200 | D:2      | Reached XP level 3. HP: 31/31 MP: 3/3
  1284 | D:2      | Noticed Natasha
  1609 | D:2      | Killed Natasha
  1609 | D:2      | Reached skill level 6 in Axes
  1609 | D:2      | Reached XP level 4. HP: 18/39 MP: 4/4
  1619 | D:2      | Noticed Natasha
  1626 | D:2      | Killed Natasha
  1882 | D:2      | Reached skill level 7 in Axes
  1921 | D:2      | Reached XP level 5. HP: 16/45 MP: 5/5
  2376 | D:2      | Noticed Natasha
  2400 | D:2      | Killed Natasha
  3332 | D:2      | Reached skill level 8 in Axes
  4273 | D:3      | Reached XP level 6. HP: 45/51 MP: 6/6
  4861 | D:4      | Noticed a phantom
  5103 | D:4      | Killed a phantom
  5103 | D:4      | Reached skill level 9 in Axes
  5265 | D:4      | You fall into a shaft and drop 3 floors!
  5305 | D:7      | Reached skill level 10 in Axes
  5537 | D:7      | Reached XP level 7. HP: 13/57 MP: 7/7
  5660 | D:6      | HP: 2/57 [centaur/arrow (4)]
  5660 | D:6      | Slain by a worker ant

Illustrated notes

Levels and vault maps discovered:
D:1:      dpeg_arrival_short_road, layout_loops_ring, serial_bayou_pond_c,
          minmay_misc_feat_roman
D:2:      layout_loops_cross, first_ration, uniq_natasha
D:3:      layout_basic
D:4:      layout_cave_pools, okawaru_ov_weapons_minmay,
          minmay_temple_entry_statues_pillars, minmay_pentomino_pile
D:6:      layout_loops_ring, minmay_manual_mares
D:7:      layout_gridville, lemuel_round_altar,
          nemelex_xobeh_ov_fountains_minmay

Skill      XL: |  1  2  3  4  5  6 |
---------------+-------------------+-----
Axes           | 5 6 7 8 10 | 10.4
Fighting       | |  3.6
Dodging        | |  2.4
Stealth        | |  1.5

Action                   |  1- 3 |  4- 6 |  7- 9 || total
-------------------------+-------+-------+-------++-------
Melee: Hand axe          |    66 |   216 |    11 ||   293
Throw: Boomerang         |       |    22 |       ||    22
  Use: Potion            |       |     2 |     3 ||     5
 Stab: Sleeping          |     1 |       |       ||     1
  Eat: Chunk             |     2 |     6 |       ||     8
       Ration            |       |     2 |       ||     2
Armor: Ring mail         |    12 |    35 |     3 ||    50
       Robe              |     4 |       |       ||     4
Dodge: Dodged            |    22 |   104 |    18 ||   144
